 Dungeon Crawl Stone Soup version 0.19-a0-1013-g40768a3 (webtiles) character file.

174 Gagarin the Skirmisher (level 5, 0/42 HPs)
             Began as a Demonspawn Monk on July 24, 2016.
             Was a Believer of Dithmenos.
             Slain by an orc priest
             ... wielding a +0 falchion
              (1 damage)
             ... on level 4 of the Dungeon.
             The game lasted 00:05:45 (3056 turns).

Gagarin the Skirmisher (Demonspawn Monk)            Turns: 3056, Time: 00:05:46

Health: 0/42       AC:  4    Str: 12    XL:     5   Next: 28%
Magic:  5/5        EV: 14    Int: 12    God:    Dithmenos [**....]
Gold:   148        SH:  0    Dex: 15    Spells: 0 memorised, 4 levels left

rFire  . . .     SeeInvis .     a - +0 falchion
rCold  . . .     Gourm    .     e - +2 robe {MR+}
rNeg   . . .     Faith    .     (no shield)
rPois  .         Spirit   .     (no helmet)
rElec  .         Dismiss  .     (no cloak)
rCorr  .         Reflect  .     (no gloves)
SustAt .         Harm     .     (no boots)
MR     +....                    (no amulet)
Stlth  +++.......               (no ring)
                                (no ring)

@: wreathed by umbra, somewhat resistant to hostile enchantments, fairly
stealthy
A: hooves 1, spiny 1
a: Shadow Step, Renounce Religion


You were on level 4 of the Dungeon.
You worshipped Dithmenos.
Dithmenos was pleased with you.
You were hungry.

You visited 1 branch of the dungeon, and saw 4 of its levels.

You collected 148 gold pieces.

Inventory:

Hand Weapons
 a - a +0 falchion (weapon)
 k - a +2 dagger of flaming
Missiles
 i - 15 poisoned needles
Armour
 e - a +2 robe of magic resistance (worn)
Jewellery
 q - an uncursed ring of sustain attributes {unknown}
Wands
 u - a wand of iceblast (3/15)
Scrolls
 b - a scroll of identify
 d - 2 scrolls of remove curse
 h - a scroll of blinking {unknown}
 j - a scroll of noise {unknown}
 l - a scroll of recharging {unknown}
 m - a scroll of fear
 n - a scroll of magic mapping
 t - a scroll of teleportation {unknown}
Potions
 f - a potion of agility {unknown}
 r - 3 potions of lignification {unknown}
 s - a potion of invisibility {unknown}
Comestibles
 c - a bread ration
 g - a slice of pizza
 o - a meat ration


   Skills:
 + Level 3.8 Fighting
 + Level 3.4 Long Blades
 + Level 3.8 Dodging
 + Level 3.0 Stealth


You had 4 spell levels left.
You didn't know any spells.

Dungeon Overview and Level Annotations

Branches:
Dungeon (4/15)
 Temple: D:4-7

Altars:
Dithmenos

Annotations:
D:3 Grinder


Innate Abilities, Weirdness & Mutations

You have large cloven feet.
You are partially covered in sharp spines.


Message History

The orc wizard is heavily wounded.
The orc is struck by your spines. The orc misses you.
The orc priest calls upon Beogh to heal the orc.
The orc's wounds heal themselves!
You hit the orc priest but do no damage.
You kick the orc priest, but do no damage.
The orc priest is heavily wounded.
The orc wizard gestures at you while chanting.
The magic dart hits you!
The orc priest hits you with a falchion!
* * * LOW HITPOINT WARNING * * *
The orc is struck by your spines. The orc closely misses you.
The orc wizard points at you and mumbles some strange words.
The magic dart hits you!
* * * LOW HITPOINT WARNING * * *
You closely miss the orc priest.
You kick the orc priest, but do no damage.
The orc priest is heavily wounded.
The orc priest hits you with a falchion.
You die...

##+## ##...##
##.....##
##.......##
#.........#
+.........+
#......oo.#
#.....@o###.
##............
#.<...#..#...
#.#..###...##
#...## #..#
#..#+ #... #.#
#.. #. .# #.


You could see an orc priest, an orc wizard and an orc.

Vanquished Creatures
  Jessica (D:2)
  Ijyb (D:3)
  7 adders
  2 dart slugs (D:1)
  3 giant geckos
  3 giant cockroaches
  5 goblins
  8 hobgoblins
  6 kobolds
  4 quokkas
  4 bats
  3 giant newts
  8 rats
55 creatures vanquished.

Notes
Turn   | Place    | Note
-------+----------+-------------------------------------------
     0 | D:1      | Gagarin the Demonspawn Monk began the quest for the Orb.
     0 | D:1      | Reached XP level 1. HP: 18/18 MP: 1/1
   210 | D:1      | Gained mutation: You have large cloven feet. [demonic ancestry]
   210 | D:1      | Reached XP level 2. HP: 9/24 MP: 2/2
   655 | D:1      | Reached XP level 3. HP: 15/29 MP: 3/3
   911 | D:2      | Noticed Jessica
   924 | D:2      | Killed Jessica
  1462 | D:2      | Gained mutation: You are partially covered in sharp spines. [demonic ancestry]
  1462 | D:2      | Reached XP level 4. HP: 16/35 MP: 4/4
  1902 | D:3      | Found a shadowy altar of Dithmenos.
  1939 | D:3      | Became a worshipper of Dithmenos the Shadowed
  1939 | D:3      | Reached * piety under Dithmenos
  1939 | D:3      | Reached ** piety under Dithmenos
  2262 | D:3      | Noticed Ijyb
  2277 | D:3      | Killed Ijyb
  2277 | D:3      | Reached XP level 5. HP: 37/41 MP: 5/5
  2405 | D:3      | Noticed Grinder
  3055 | D:4      | HP: 1/42 [orc wizard/magic dart (8)]
  3056 | D:4      | Slain by an orc priest

Vault maps used:
D:1:      minmay_arrival_shattered_statue, minmay_pentomino_r4
D:2:      uniq_jessica
D:3:      nicolae_dithmenos_shadow_blocks, uniq_terence, uniq_grinder,
          uniq_iyjb, uniq_natasha
D:4:      lemuel_upstairs_altar, gammafunk_temple_overflow_elements,
          nemelex_diamond_rough_becter

Skill      XL: |  1  2  3  4 |
---------------+-------------+-----
Long Blades    | 3 |  3.4
Stealth        | 2 3 |  3.0
Dodging        | 3 |  3.8
Fighting       | |  3.8

Action                   |  1- 3 |  4- 6 || total
-------------------------+-------+-------++-------
Melee: Falchion          |   112 |    95 ||   207
       Kick              |    12 |    26 ||    38
  Use: Potion            |     1 |       ||     1
       Scroll            |       |     4 ||     4
 Stab: Sleeping          |     5 |     8 ||    13
  Eat: Chunk             |     2 |     5 ||     7
Armor: Robe              |    15 |    12 ||    27
Dodge: Dodged            |    57 |    52 ||   109
